Map: Jagannatha LE

Players

Namshar

  • Race: Zerg Zerg

Neeb - Winner!

  • Race: Protoss Protoss

Event: DreamHack SC2 Masters 2021 Fall

VOD

Have the link to the VOD?

Description

Time

  • Played on: Aug. 3, 2021, 5:51 p.m.
  • Length: 9:32

All games in this series

Show
View Real Time Build Order
Export as new Build Order

Namshar Zerg 

Build Orders: Hatch First 

Get SALT Encoding   

  12  0:00  Drone  
  13  0:12  Overlord  
  13  0:17  Drone  
  14  0:30  Drone x2  
  16  0:42  Drone  
  17  0:53  Hatchery  
  17  0:54  Drone  
  17  0:56  Extractor  
  16  1:10  Spawning Pool  
  15  1:13  Drone  
  15  1:17  Drone  
  17  1:20  Drone  
  18  1:30  Drone  
  19  1:39  Drone  
  20  1:48  Overlord  
  20  1:56  Queen  
  20  1:58  Metabolic Boost  
  22  2:04  Queen  
  22  2:06  Zergling x2  
  25  2:09  Drone  
  25  2:15  Drone  
  27  2:17  Zergling x2  
  28  2:26  Drone x2  
  30  2:34  Zergling x2  
  31  2:37  Drone  
  32  2:45  Hatchery  
  32  2:49  Overlord  
  32  2:51  Drone  
  32  2:55  Drone  
  33  3:00  Queen  
  35  3:06  Drone  
  36  3:13  Drone x5  
  36  3:16  Overlord  
  41  3:21  Spore Crawler  
  41  3:24  Spore Crawler  
  41  3:27  Drone  
  40  3:28  Drone  
  40  3:33  Drone x2  
  43  3:38  Drone x2  
  45  3:41  Queen  
  45  3:46  Overlord  
  47  3:49  Drone x2  
  47  3:52  Drone  
  47  3:55  Overlord  
  50  4:04  Overlord  
  50  4:06  Drone x2  
  52  4:15  Drone x5  
  57  4:24  Queen  
  57  4:25  Overlord  
  57  4:27  Lair  
  57  4:28  Drone x4  
  57  4:29  Spore Crawler  
  62  4:33  Drone x2  
  62  4:34  Extractor  
  62  4:38  Queen  
  65  4:48  Drone  
  65  4:50  Drone x5  
  68  4:59  Extractor  
  67  5:00  Queen  
  67  5:05  Drone x7  
  67  5:07  Evolution Chamber  
  75  5:09  Baneling Nest  
  74  5:15  Overlord  
  74  5:20  Drone x6  
  80  5:21  Extractor  
  79  5:31  Extractor x2, Hatchery  
  79  5:32  Zergling x6  
  79  5:33  Zergling x6  
  81  5:37  Zergling x4  
  77  5:44  Zergling x10, Queen x2  
  86  5:51  Evolution Chamber  
  86  5:52  Evolution Chamber  
  86  5:55  Evolution Chamber  
  69  5:59  Drone x6  
  74  6:09  Drone  
  68  6:11  Zergling x12  
  69  6:32  Queen  
  67  6:34  Hydralisk Den  
  67  6:37  Drone  
  67  6:38  Drone x7  
  76  6:46  Centrifical Hooks  
  76  6:47  Zerg Melee Weapons Level 1  
  76  6:50  Drone  
  76  6:51  Drone, Hatchery  
  76  6:54  Drone x2  
  79  6:59  Infestation Pit  
  78  7:04  Baneling x7  
  78  7:05  Drone x2  
  80  7:11  Drone x4  
  84  7:17  Grooved Spines  
  84  7:20  Zerg Missile Weapons Level 1  
  84  7:23  Drone x3  
  87  7:34  Drone x3  
  90  7:40  Overlord x4  
  90  7:44  Hive  
  90  8:00  Hydralisk x7  
  103  8:08  Hydralisk  
  103  8:09  Hydralisk x3  
  111  8:16  Hydralisk x3  
  117  8:25  Hydralisk x2  
  117  8:26  Zergling x8  
  125  8:28  Baneling  
  124  8:41  Hydralisk  
  124  8:42  Zergling x2, Hydralisk x2  
  116  9:02  Hydralisk x9  
  97  9:05  Zergling x2  
Show
View Real Time Build Order
Export as new Build Order

Neeb Protoss - Winner!

Build Orders: 1 Gate Expand, Oracle Opening, Archon Immortal 

Get SALT Encoding   

  12  0:00  Probe  
  13  0:12  Probe  
  14  0:19  Pylon  
  14  0:24  Probe  
  15  0:37  Probe (Chrono Boost)  
  16  0:44  Gateway  
  16  0:47  Probe (Chrono Boost)  
  16  0:49  Assimilator  
  17  0:52  Probe (Chrono Boost)  
  18  1:04  Probe  
  19  1:16  Probe  
  20  1:26  Nexus  
  20  1:37  Cybernetics Core  
  20  1:39  Probe  
  21  1:45  Assimilator  
  21  1:51  Probe  
  22  1:54  Pylon  
  22  2:03  Probe (Chrono Boost)  
  23  2:13  Adept, Probe (Chrono Boost), Warp Gate  
  26  2:18  Probe (Chrono Boost)  
  28  2:30  Probe (Chrono Boost)  
  28  2:33  Stargate  
  28  2:39  Probe (Chrono Boost)  
  28  2:40  Probe (Chrono Boost)  
  28  2:42  Adept  
  32  2:47  Probe (Chrono Boost)  
  32  2:48  Probe (Chrono Boost)  
  34  2:52  Probe (Chrono Boost)  
  34  2:57  Probe  
  34  2:58  Gateway  
  36  3:05  Probe  
  37  3:07  Void Ray (Chrono Boost)  
  37  3:09  Probe  
  38  3:17  Probe  
  43  3:21  Pylon, Probe  
  43  3:22  Adept  
  46  3:34  Pylon  
  46  3:39  Probe x2  
  48  3:43  Oracle  
  51  3:49  Pylon  
  51  3:51  Probe x2  
  53  3:58  Twilight Council  
  53  4:03  Nexus  
  53  4:04  Probe  
  53  4:08  Probe  
  55  4:11  Pylon  
  55  4:17  Gateway  
  55  4:20  Gateway  
  55  4:22  Probe  
  56  4:24  Probe  
  56  4:29  Adept, Resonating Glaives (Chrono Boost)  
  56  4:30  Adept  
  61  4:33  Pylon  
  61  4:34  Probe  
  62  4:38  Probe  
  63  4:46  Probe  
  63  4:50  Probe  
  65  4:53  Assimilator  
  65  4:54  Assimilator  
  65  4:55  Adept x2  
  65  4:59  Pylon, Probe  
  70  5:02  Probe  
  71  5:11  Probe  
  72  5:15  Adept x4, Probe x2  
  82  5:24  Shield Battery  
  84  5:28  Pylon  
  84  5:32  Robotics Facility  
  84  5:34  Robotics Facility  
  80  5:39  Adept x2  
  80  5:40  Adept  
  80  5:41  Adept  
  88  5:45  Probe x2  
  88  5:46  Probe  
  91  5:53  Forge  
  91  5:58  Probe x2  
  91  5:59  Probe  
  91  6:00  Assimilator  
  91  6:02  Assimilator  
  92  6:10  Charge, Probe x2  
  92  6:11  Probe  
  93  6:18  Immortal x2 (Chrono Boost)  
  91  6:22  Probe  
  91  6:23  Probe x2  
  102  6:29  Sentry  
  102  6:30  Protoss Ground Weapons Level 1 (Chrono Boost), Sentry x2  
  106  6:34  Probe  
  106  6:35  Probe  
  107  6:44  Gateway  
  107  6:45  Gateway  
  107  6:47  Gateway  
  107  6:49  Gateway  
  107  6:53  Templar Archives  
  107  6:54  Gateway x2  
  106  6:58  Pylon  
  106  7:04  Immortal (Chrono Boost)  
  106  7:06  Immortal (Chrono Boost)  
  110  7:12  Pylon  
  114  7:17  Pylon  
  114  7:19  Pylon  
  114  7:28  Nexus  
  114  7:36  Observer (Chrono Boost)  
  115  7:37  High Templar x2  
  115  7:38  Warp Prism (Chrono Boost)  
  115  7:42  Archon  
  115  7:43  High Templar  
  115  7:44  High Templar, Zealot x4  
  125  7:49  Archon, Probe  
  125  7:50  Probe x2  
  136  7:52  Pylon, Photon Cannon  
  136  7:57  Zealot x2  
  140  8:02  Probe x3  
  143  8:08  High Templar x2, Zealot  
  149  8:14  Archon, Zealot x3  
  155  8:29  High Templar  
  155  8:33  Pylon  
  157  8:36  Pylon  
  157  8:37  Pylon  
  141  8:49  High Templar x3  
  141  8:50  Zealot x6  
  141  8:53  Archon  
  141  8:55  Archon  
  119  9:04  Zealot  
  119  9:09  Zealot x3  
  123  9:10  Zealot x3  
  121  9:24  Zealot x5  
  123  9:29  Assimilator  
  127  9:31  Assimilator  

Tags
 
Add a new tag
Caveats
  • Supply blocks, unpowered buildings, or Contaminate may cause inaccurate times.
  • Supply counts are checked every 10 seconds.